 Dungeon Crawl Stone Soup version 0.26.0-20-g3ca415f5b8 (webtiles) character file.

Game seed: 6721452453343154981

126 Acheron the Sneak (level 4, -1/23 HPs)
             Began as a Spriggan Brigand on Jan 25, 2021.
             Slain by a white imp (4 damage)
             ... on level 5 of the Dungeon.
             The game lasted 00:14:34 (2165 turns).

Acheron the Sneak (Spriggan Brigand)                Turns: 2165, Time: 00:14:34

Health: -1/23      AC:  3    Str:  7    XL:     4   Next: 83%
Magic:  6/6        EV: 18    Int: 12    God:
Gold:   82         SH:  0    Dex: 18    Spells: 4/5 levels left

rFire    . . .     SeeInvis +   k - +1 rapier
rCold    . . .     Faith    .   (shield restricted)
rNeg     . . .     Spirit   .   b - +0 robe
rPois    .         Reflect  .   (helmet restricted)
rElec    .         Harm     .   c - +0 cloak
rCorr    .         Rampage  .   (gloves unavailable)
Will     .....                  (boots unavailable)
Stlth    ++++......             (no amulet)
HPRegen  0.07/turn              (no ring)
MPRegen  0.10/turn              (no ring)

@: very quick
A: very small, unfitting armour, see invisible, speed 3
a: no special abilities


You were on level 5 of the Dungeon.
You visited 1 branch of the dungeon, and saw 5 of its levels.

You collected 82 gold pieces.

Inventory:

Hand Weapons
 a - a +2 dagger
 k - a +1 rapier (weapon)
 o - a +0 hunting sling
 p - a +0 flail
Missiles
 d - 7 poisoned darts (quivered)
 e - a curare-tipped dart
 h - 43 stones
Armour
 b - a +0 robe (worn)
 c - a +0 cloak (worn)
Scrolls
 l - a scroll of remove curse
Potions
 f - 2 potions of magic
 g - a potion of might {unknown}
 i - 4 potions of curing
 j - 3 potions of attraction {unknown}
 m - 2 potions of haste {unknown}
 n - 2 potions of heal wounds {unknown}


   Skills:
 * Level 2.1 Fighting
 * Level 2.8 Short Blades
 + Level 2.2 Throwing
 * Level 2.6 Dodging
 * Level 7.7 Stealth
 * Level 1.2 Spellcasting


You had 4 spell levels left.
You knew the following spells:

 Your Spells              Type           Power        Failure   Level
a - Magic Dart            Conj           0%           30%         1

Your spell library contained the following spells:

 Spells                   Type           Power        Failure   Level
 Blink                    Tloc           N/A          41%         2
 Call Imp                 Summ           0%           41%         2
 Slow                     Hex            0%           41%         2
 Conjure Flame            Conj/Fire      0%           65%         3
 Mephitic Cloud           Conj/Pois/Air  0%           65%         3


Dungeon Overview and Level Annotations

Branches:
Dungeon (5/15)
 Temple: D:4-7

Altars:
Zin

Annotations:
D:4 exclusion: upstairs


Innate Abilities, Weirdness & Mutations

You are very small and have problems with some larger weapons.
You are too small for most types of armour.
You have supernaturally acute eyesight. (SInv)
You cover ground extremely quickly.


Message History

You closely miss the white imp.
The white imp is heavily wounded.
The white imp hits you. The white imp freezes you.
You hit the white imp but do no damage.
The white imp is heavily wounded.
The white imp gestures at you. The puff of frost hits you.
* * * LOW HITPOINT WARNING * * *
You hit the white imp but do no damage.
The white imp is heavily wounded.
The white imp closely misses you.
You hit the white imp but do no damage.
The white imp is heavily wounded.
The white imp completely misses you.
You barely miss the white imp.
The white imp is heavily wounded.
The white imp hits you.
* * * LOW HITPOINT WARNING * * *
The white imp freezes you.
You die...

#################
##........@5......
#######.^##[##.##.##.#..
#.......######## ##
#.#....##.# #.#####..#
#.#....##..#
#....#..#### ###......##
...#.......


You could see a white imp.

Vanquished Creatures
  2 worker ants (D:4)
  A hound skeleton (D:4)
  4 adders
  2 oozes
  2 leopard geckos
  4 orcs (D:4)
  A bat (D:2)
  A goblin (D:3)
  A hobgoblin (D:3)
  A jackal (D:2)
  2 kobolds
21 creatures vanquished.

Notes
Turn   | Place    | Note
-------+----------+-------------------------------------------
     0 | D:1      | Acheron the Spriggan Brigand began the quest for the Orb.
     0 | D:1      | Reached XP level 1. HP: 10/10 MP: 2/2
   121 | D:1      | Reached skill level 6 in Stealth
   455 | D:3      | Reached XP level 2. HP: 15/15 MP: 3/3
   934 | D:3      | Learned a level 1 spell: Magic Dart
   963 | D:4      | Reached XP level 3. HP: 18/18 MP: 4/4
  1030 | D:4      | Reached skill level 7 in Stealth
  1153 | D:5      | Entered Level 5 of the Dungeon
  1167 | D:5      | Noticed a sky beast
  1193 | D:5      | Noticed a scorpion
  1497 | D:4      | Reached skill level 1 in Spellcasting
  1550 | D:4      | Reached XP level 4. HP: 14/23 MP: 6/6
  2052 | D:3      | Found a glowing silver altar of Zin.
  2165 | D:5      | Slain by a white imp

Illustrated notes

Levels and vault maps discovered:
D:1:      saegor_arrival_fortress, layout_basic
D:2:      layout_basic, minmay_parallelograms, grunt_decor_one_mirror,
          lexackson_kobold_supper
D:3:      layout_loops_ring, zin_treasury, columned_hall_lemuel,
          doesnt_xom_only_xom
D:4:      layout_cave_pods, hangedman_glass_teeth
D:5:      layout_gridville, minmay_manual_macuahuitl

Skill      XL: |  1  2  3 |
---------------+----------+-----
Stealth        | 6 7 |  7.7
Dodging        | 2 |  2.6
Fighting       | 2 |  2.1
Spellcasting   | 1 |  1.2
Short Blades   | |  2.8
Throwing       | |  2.2

Action                   |  1- 3 |  4- 6 || total
-------------------------+-------+-------++-------
Melee: Dagger            |    31 |       ||    31
       Rapier            |    15 |    31 ||    46
Throw: Dart              |     9 |     9 ||    18
  Use: Scroll            |     6 |       ||     6
 Stab: Sleeping          |     5 |       ||     5
Armor: Robe              |     7 |     5 ||    12
Dodge: Dodged            |    51 |    35 ||    86
